 Dungeon Crawl Stone Soup version 0.31-a0-1091-g283494c966 (webtiles) character file.

Game seed: 16005766929129038415

38 kae the Sneak (level 3, -5/37 HPs)
             Began as a Demonspawn Enchanter on Nov 28, 2023.
             Was an Initiate of Dithmenos.
             Splashed by a jelly's acid (10 damage)
             ... on level 2 of the Dungeon.
             The game lasted 00:01:10 (1171 turns).

kae the Sneak (Demonspawn Enchanter)                Turns: 1171, Time: 00:01:10

Health: -5/37      AC: 13    Str:  8    XL:     3   Next: 25%
Magic:  0/6        EV:  2    Int: 18    God:    Dithmenos [......]
Gold:   37         SH:  0    Dex: 13    Spells: 1/6 levels left

rFire   . . .        a - +1 dagger
rCold   . . .        (no shield)
rNeg    . . .        b - melded +0 robe
rPois   +            (helmet currently unavailable)
rElec   .            (cloak currently unavailable)
rCorr   .            (gloves currently unavailable)
SInv    .            (boots currently unavailable)
Will    .....        (no amulet)
Stlth   ++           (no ring)
HPRegen 0.26/turn    (no ring)
MPRegen 0.10/turn

%: no passive effects
@: tree-form, corroded
A: stationary, stasis, torment immunity, boosted hp, (horns 1), (weakness
stinger 1)
a: Renounce Religion


You were on level 2 of the Dungeon.
You worshipped Dithmenos.
Dithmenos was noncommittal.
You were a tree.
You visited 1 branch of the dungeon, and saw 2 of its levels.

You collected 37 gold pieces.


Innate Abilities, Weirdness & Mutations

You are a tree.
Your roots penetrate the ground, keeping you stationary.
You cannot be teleported.
You are immune to unholy pain and torment.
Your maximum health is greatly increased.
Your equipment is partially melded.
((You have a pair of small horns on your head.))
((You have a small tail.))


   Skills:
 + Level 0.8 Fighting
 * Level 1.5 Short Blades
 - Level 1.7 Dodging
 * Level 3.2 Stealth
 + Level 2.2 Spellcasting
 + Level 3.1 Hexes
 + Level 0.3 Ice Magic
 + Level 0.0 Invocations


You had one spell level left.
You knew the following spells:

 Your Spells              Type           Power      Damage    Failure   Level
a - Ensorcelled Hibernat  Hex/Ice        16%        N/A       13%         2
b - Confusing Touch       Hex            13%        N/A       14%         3

Your spell library contained the following spells:

 Spells                   Type           Power      Damage    Failure   Level
 Foxfire                  Conj/Fire      8%         2x1d4     19%         1
 Kiss of Death            Conj/Necr      8%         2d6       19%         1
 Sting                    Tmut/Pois      8%         1d3       19%         1
 Tukima's Dance           Hex            13%        N/A       14%         3
 Poisonous Vapours        Pois/Air       4%         N/A       26%         2
 Dazzling Flash           Conj/Hex       14%        N/A       28%         3
 Dispel Undead            Necr           2%         3d7       87%         4
 Olgreb's Toxic Radiance  Pois           2%         N/A       87%         4
 Plasma Beam              Fire/Air       1%         2x1d11    100%        6
 Starburst                Conj/Fire      1%         6d3       100%        6

Inventory:

Hand Weapons
 a - a +1 dagger (weapon)
Missiles
 d - 4 poisoned darts
 f - 17 stones
Armour
 b - a +0 robe (melded)
 e - a +0 helmet
   (You found it on level 1 of the Dungeon)
Scrolls
 h - a scroll of noise {unknown}
Potions
 c - 2 potions of invisibility
 g - a potion of cancellation
 j - a potion of enlightenment {unknown}

Dungeon Overview and Level Annotations

Branches:
Dungeon (2/15) Zot: 10834

Altars:
Dithmenos
Gozag
Uskayaw
Yredelemnul

#....#.## #..)....##
##################.)#
#"J...J##.#########)##
#..÷.÷.#.#.#....###..#
#...J..#.#.#.....##..#
#_.PP__#.#'#......'..#
#......#)#........'..#
#_.P_JJ#♣#........'.##
#.÷..J.#J#)......##.#
#PPP..PJ##......#####
#÷.J.J.##########
########


You could see a jelly and an endoplasm.


Message History

You open the door.
There is an open door here.
Key pressed, stopping explore.
Unknown command. 😎 HP[+13]
Your hp is fully restored (25).
A kobold comes into view. It is wielding a +0 dagger.
A kobold is nearby!
A kobold is nearby!
A kobold is nearby!
The kobold shouts!
A kobold is nearby!
You hit the kobold.
A kobold is nearby!
You hit the kobold but do no damage. The kobold hits you with a +0 dagger.
You hit the kobold.
You kill the kobold!
Dithmenos accepts your kill. 😕 HP[-2]
You take 2 damage, and now have 23/25 hp.
Things that are here:
a +0 dagger; a kobold corpse You open the door. 2 endoplasms come into view. 😎 HP[+2]
Your hp is fully restored (25). 2 jellies and 6 endoplasms come into view.
Found four items.
Found five altars.
The endoplasm quivers. x2; The jelly quivers.
The endoplasm jiggles.
There is an open door here.
The endoplasm completely misses you.
The endoplasm quivers.
There are monsters nearby!
You barely miss the endoplasm.
The endoplasm quivers.
The endoplasm misses you.
The endoplasm jiggles.
You completely miss the jelly. The endoplasm hits you.
The endoplasm barely misses you. x2
There are monsters nearby! 😕 HP[-3]
You take 3 damage, and now have 22/25 hp.
Unknown command.
There is an open door here.
Something hits the fungus.
The fungus begins to die.
The endoplasm attacks as it pursues you!
The endoplasm hits you. 😕 HP[-2]
You take 2 damage, and now have 20/25 hp.
The endoplasm attacks as it pursues you!
The endoplasm barely misses you.
You hit the endoplasm. The endoplasm freezes you.
You are frozen. 😕 HP[-1]
You take 1 damage, and now have 19/25 hp.
You hit the endoplasm. 😕 HP[+1]
Casting: Ensorcelled Hibernation (safe; 13% risk of failure)
Confirm with . or Enter, or press ? or * to list all spells.
Aiming: Ensorcelled Hibernation (safe; 13% risk of failure)
Press: ? - help, Shift-Dir - straight line, f - jelly
Aim: a jelly (chance to affect: 50%)
The jelly resists with some effort.
The endoplasm hits something. 😕 MP[-2]
You lost 2 mp, and now have 4/6 mp.
Unknown command.
Casting: Ensorcelled Hibernation (safe; 13% risk of failure)
Confirm with . or Enter, or press ? or * to list all spells.
Aiming: Ensorcelled Hibernation (safe; 13% risk of failure)
Press: ? - help, Shift-Dir - straight line, f/p - jelly
Aim: a jelly (chance to affect: 50%)
The jelly resists with some effort.
The jelly hits you.
You are splashed with acid!
* * * LOW HITPOINT WARNING * * *
😨 HP[-12] MP[-2]
You take 12 damage, and now have 8/25 hp.
MASSIVE DAMAGE!! (PAUSE)
You lost 2 mp, and now have 2/6 mp.
Casting: Ensorcelled Hibernation (safe; 13% risk of failure)
Confirm with . or Enter, or press ? or * to list all spells.
Aiming: Ensorcelled Hibernation (safe; 13% risk of failure)
Press: ? - help, Shift-Dir - straight line, f/p - jelly
Aim: a jelly (chance to affect: 50%)
The jelly resists with some effort.
The jelly closely misses you. 😨 MP[-2]
You lost 2 mp, and now have 0/6 mp.
Unknown command.
You turn into a tree.
Your +0 robe melds into your body.
Your roots penetrate the ground.
The jelly hits you but does no damage. 😨 HP[+5]
You now have 37 max hp (+12).
You regained 5 hp, and now have 13/37 hp.
There are monsters nearby!
You hit the jelly. The acid corrodes you!
Your branches burn!
* * * LOW HITPOINT WARNING * * *
The jelly hits you.
* * * LOW HITPOINT WARNING * * *
The acid corrodes you!
You are splashed with acid!
You die...

Skill      XL: |  1  2 |
---------------+-------+-----
Short Blades   | 1 |  1.5
Stealth        | 3 |  3.2
Fighting       | |  0.8
Dodging        | |  1.7
Spellcasting   | |  2.2
Hexes          | |  3.1
Ice Magic      | |  0.3

Action                     || total
---------------------------++-------
  Melee: Dagger            ||   110
         Headbutt          ||     3
         Tailslap          ||     1
   Cast: Ensorcelled Hiber ||     9
    Use: Potion            ||     3
   Stab: Sleeping          ||    10
 Armour: Robe              ||    47
         Skin              ||    16
  Dodge: Dodged            ||    53

Levels and vault maps discovered:
D:1:      doesnt_arrival_eight_statues, layout_basic
D:2:      cheibrodos_fertilizer, layout_loops_ring,
          shapermc_ecumenical_altar_flowoftime, basic_altar,
          hangedman_decor_growths, kennysheep_nub, uniq_crazy_yiuf_cottage

Notes
Turn   | Place    | Note
-------+----------+-------------------------------------------
     0 | D:1      | kae the Demonspawn Enchanter began the quest for the Orb.
     0 | D:1      | Reached XP level 1. HP: 13/13 MP: 3/3
     0 | D:1      | magus.rc [v1.11.3]
    32 | D:1      | HP: 3/13 [endoplasm (3)]
    36 | D:1      | Reached skill level 1 in Short Blades
   131 | D:1      | You pick up a book of Touch and begin reading...
   131 | D:1      | You add the spells Kiss of Death and Dispel Undead to your
                  | library.
   178 | D:1      | You feel monstrous as your demonic heritage exerts itself.
   178 | D:1      | Discovered your monstrous ancestry.
   178 | D:1      | Gained mutation: You have a pair of small horns on your
                  | head. [demonic ancestry]
   178 | D:1      | Reached XP level 2. HP: 20/20 MP: 5/5
   181 | D:1      | Learned a level 2 spell: Ensorcelled Hibernation
   408 | D:1      | Reached skill level 3 in Stealth
   699 | D:1      | Gained mutation: You have a small tail. [demonic ancestry]
   699 | D:1      | Reached XP level 3. HP: 25/25 MP: 6/6
   703 | D:1      | Learned a level 3 spell: Confusing Touch
   706 | D:1      | You pick up a book of Fire and begin reading...
   706 | D:1      | You add the spells Foxfire, Plasma Beam and Starburst to
                  | your library.
   974 | D:2      | Found a shadowy altar of Dithmenos.
   983 | D:2      | Became a worshipper of Dithmenos the Shadowed
   987 | D:2      | You add the spells Sting, Poisonous Vapours and Olgreb's
                  | Toxic Radiance to your library.
  1028 | D:2      | HP: 5/25 [kobold/+0 short sword (2)]
  1158 | D:2      | Found a shadowy altar of Dithmenos.
  1158 | D:2      | Found a basalt altar of Yredelemnul.
  1158 | D:2      | Found an opulent altar of Gozag.
  1158 | D:2      | Found a hide-covered altar of Uskayaw.
  1158 | D:2      | Found an opulent altar of Gozag.
  1171 | D:2      | HP: 8/37 [acid (5)]
  1171 | D:2      | Splashed by a jelly's acid

Vanquished Creatures
  A dart slug (D:1)
  3 endoplasms
  A giant cockroach (D:1)
  3 goblins (D:1)
  4 hobgoblins (D:1)
  A quokka (D:1)
  4 ball pythons (D:1)
  2 bats (D:1)
  A frilled lizard (D:1)
  12 kobolds
  2 rats (D:1)
34 creatures vanquished.

Table legend:
 A = Non-vault XP
 B = Vault XP
 C = Vault XP percentage of total XP
 D = Non-vault monster count
 E = Vault monster count
 F = Vault count percentage of total count
                 A         B        C        D         E       F
            +---------+---------+-------+---------+---------+-------
      Total |      46 |       9 |  16.4 |      27 |       7 |  20.6
            +---------+---------+-------+---------+---------+-------
        D:1 |      43 |       0 |   0.0 |      25 |       0 |   0.0
        D:2 |       3 |       9 |  75.0 |       2 |       7 |  77.8
            +---------+---------+-------+---------+---------+-------

Skill      XL: |  1  2 |
---------------+-------+-----
Short Blades   | 1 |  1.5
Stealth        | 3 |  3.2
Fighting       | |  0.8
Dodging        | |  1.7
Spellcasting   | |  2.2
Hexes          | |  3.1
Ice Magic      | |  0.3

Action                     || total
---------------------------++-------
  Melee: Dagger            ||   110
         Headbutt          ||     3
         Tailslap          ||     1
   Cast: Ensorcelled Hiber ||     9
    Use: Potion            ||     3
   Stab: Sleeping          ||    10
 Armour: Robe              ||    47
         Skin              ||    16
  Dodge: Dodged            ||    53

Illustrated notes

Table legend:
 A = Kills in this place as a percentage of kills in the entire game.
 B = Kills by you in this place as a percentage of kills by you in the entire game.
 C = Kills by friends in this place as a percentage of kills by friends in the entire game.
 D = Other kills in this place as a percentage of other kills in the entire game.
 E = Experience gained in this place as a percentage of experience gained in the entire game.
 F = Experience gained in this place divided by the number of levels of this place that you have seen.
                   A       B       C       D       E      F
               +-------+-------+-------+-------+-------+----------------------
         Total | 100.0 | 100.0 |   N/A |   N/A | 100.0 |  27.5
       Dungeon | 100.0 | 100.0 |   N/A |   N/A | 100.0 |  27.5
               +-------+-------+-------+-------+-------+----------------------

Table legend: (Time is in decaauts)
 A = Elapsed time spent in this place.
 B = Non-inter-level travel time spent in this place.
 C = Inter-level travel time spent in this place.
 D = Time resting spent in this place.
 E = Time spent auto-exploring this place.
 F = Levels seen in this place.
 G = Mean time per level.
                   A        B        C        D        E       F      G
               +--------+--------+--------+--------+--------+-----+--------+
         Total |   1164 |   1126 |     38 |     37 |    813 |   2 |  582.0 |
       Dungeon |   1164 |   1126 |     38 |     37 |    813 |   2 |  582.0 |
               +--------+--------+--------+--------+--------+-----+--------+

Top non-repeatable levels by time:
     D:1: 970 daAuts
     D:2: 194 daAuts
